 Dungeon Sprint DCSS version 0.30-a0-622-gddc90eaa04 (webtiles) character file.

Game seed: 10287059890722475414

70 BigDaddyOpFi the Trooper (level 4, 0/45 HPs)
             Began as a Hill Orc Fighter on Jan 10, 2023.
             Was an Initiate of Qazlal.
             Killed from afar by a deep elf pyromancer (2 damage)
             ... with a sticky flame
             ... in the Dungeon (Sprint V: "Ziggurat Sprint").
             The game lasted 00:01:41 (156 turns).

BigDaddyOpFi the Trooper (Hill Orc Fighter)          Turns: 156, Time: 00:01:42

Health: 0/45       AC: 27    Str: 20    XL:     4   Next: 21%
Magic:  6/6        EV:  6    Int:  8    God:    Qazlal [......]
Gold:   0          SH:  0    Dex: 10    Spells: 3/3 levels left

rFire   . . .      SeeInvis +    c - +27 heavy crossbow "Sniper" {heavy, Acc+∞ SInv}
rCold   . . .      Faith    .    (shield currently unavailable)
rNeg    . . .      Spirit   .    E - +15 Maxwell's patent armour {-Cast -Tele rElec Will+ rCorr}
rPois   .          Reflect  .    (no helmet)
rElec   +          Harm     .    (no cloak)
rCorr   +          Rampage  .    (no gloves)
Will    +....      NoTele   +    (no boots) Stlth NoCast +
                                 (no amulet)
HPRegen 0.27/turn                (no ring)
MPRegen 0.10/turn                (no ring)

@: on fire, glowing
A: no striking features
a: Renounce Religion


You were in the Dungeon.
You worshipped Qazlal.
Qazlal was noncommittal.
You visited 1 branch

Inventory:

Hand Weapons
 a - a +0 war axe
 b - the +13 scythe of Curses {drain, Drain}
   (You found it in the Dungeon)

   It inflicts powerful necromantic curses on any living foe it strikes.
   Drain:     It drains your maximum health when unequipped.
 c - the +27 heavy crossbow "Sniper" (weapon) {heavy, Acc+∞ SInv}
   (You found it in the Dungeon)

   Any ammunition fired from it never misses its target.
   SInv:      It lets you see invisible.
 G - the +16 obsidian axe {drain, Mesm Drain Fly SInv}
   (You found it in the Dungeon)

   It occasionally summons demons to assist the wielder when it strikes in
   combat.
   Its wielder is mesmerised by any visible foes.
   It cannot be unequipped while any foes are visible.
   SInv:      It lets you see invisible.
   Fly:       It grants you flight.
   Drain:     It drains your maximum health when unequipped.
 H - the +6 shillelagh "Devastator" {shatter}
   (You found it in the Dungeon)

   It releases a powerful concussive burst when it strikes, dealing extra damage
   to the target and all other creatures adjacent to them.
 I - the +11 Singing Sword {sonic wave}
   (You found it in the Dungeon)

   It radiates damaging sonic waves as it strikes, especially in combat
   involving dangerous or numerous foes.
Armour
 D - a +5 crystal plate armour
 E - the +15 Maxwell's patent armour (worn) {-Cast -Tele rElec Will+ rCorr}
   (You found it in the Dungeon)

   rElec:     It insulates you from electricity.
   -Cast:     It prevents spellcasting.
   -Tele:     It prevents most forms of teleportation.
   rCorr:     It protects you from acid and corrosion.
   Will:      It increases your willpower.
 F - the +18 shield of the Gong {rElec rN+ Will+ EV-5}
   (You found it in the Dungeon)

   It is deafeningly noisy when blocking attacks.
   EV:        It affects your evasion (-5).
   rElec:     It insulates you from electricity.
   rN:        It protects you from negative energy.
   Will:      It increases your willpower.
Jewellery
 v - a ring of flight
 w - a +6 ring of dexterity
 x - a +6 ring of dexterity
 y - a +6 ring of intelligence
 z - a +6 ring of intelligence
 A - a +6 ring of strength
 B - a +6 ring of strength
Wands
 s - a wand of mindburst (7)
 t - a wand of iceblast (7)
 u - a wand of acid (7)
Scrolls
 j - 4 scrolls of blinking
 k - 4 scrolls of amnesia
 l - 7 scrolls of fog
 m - 5 scrolls of identify
 n - 2 scrolls of fear
Potions
 d - 6 potions of might
 e - 10 potions of curing
 f - 10 potions of heal wounds
 g - 6 potions of haste
 h - 7 potions of magic
 i - 3 potions of berserk rage
 o - 2 potions of brilliance
 p - 2 potions of invisibility
 q - 4 potions of resistance
Miscellaneous
 C - a lightning rod (4/4)


   Skills:
 + Level 6.9 Fighting
 - Level 2.6(3.2) Axes
 + Level 2.2(2.7) Polearms
 + Level 2.0 Ranged Weapons
 + Level 6.3 Armour
 + Level 6.3 Shields
 + Level 2.8 Invocations


You had 3 spell levels left.
You didn't know any spells.
Your spell library was empty.

Dungeon Overview and Level Annotations

Branches:
Dungeon (1/1)

Altars:
Ashenzari
Cheibriados
Dithmenos
Elyvilon
Fedhas
Gozag
Hepliaklqana
Kikubaaqudgha
Makhleb
Nemelex Xobeh
Okawaru
Qazlal
Ru
Sif Muna
Trog
Uskayaw
Vehumet
Wu Jian
Xom
Yredelemnul
Zin
The Shining One
Beogh
Jiyva
Lugonu

Annotations:
D 1 transporter


Message History

Increase (S)trength, (I)ntelligence, or (D)exterity?
You feel stronger. x2
You have reached level 4!
You shoot a bolt. The bolt hits the adder zombie!!!
You destroy the adder zombie!
Qazlal accepts your kill.
Your Ranged Weapons skill increases to level 2!
You start resting.
Magic restored.
There is a transporter here.
Welcome to arena 2.
You enter the transporter and appear at another place.
A deep elf knight and 2 deep elf pyromancers come into view.
The deep elf knight shouts!
The deep elf pyromancer shouts! x2
The deep elf pyromancer mumbles some strange words.
The deep elf knight casts a spell.
The deep elf knight seems to speed up.
The deep elf pyromancer gestures wildly while chanting.
The deep elf pyromancer blinks!
Found three items.
Found a transporter.
You shoot a bolt. The bolt hits the fire elemental!!!
You destroy the fire elemental!
The fire elemental disappears in a puff of smoke!
The deep elf knight casts a spell at you.
The shard of ice hits you.
The deep elf knight gestures at you while chanting.
The shard of ice hits you!!
Ouch! That really hurt!
The deep elf knight wields a +0 shortbow.
The deep elf knight shoots an arrow.
The arrow hits you!
* * * LOW HITPOINT WARNING * * *
The deep elf pyromancer casts a spell.
The deep elf pyromancer blinks!
The deep elf pyromancer casts a spell.
The deep elf knight shoots an arrow.
The arrow hits you.
* * * LOW HITPOINT WARNING * * *
The deep elf pyromancer points at you and mumbles some strange words.
The sticky flame hits you.
You are covered in liquid flames!
You die...

▓▓▓▓▓▓▓▓▓▓▓▓▓
▓☼8©8.▓.8©8.▓
▓☼e§:.▓.....▓
▓○.eE§▓.).|.▓
▓E....▓.....▓
▓.....▓.....▓
▓.....▓..©..▓
▓.e@..▓▓▓▓▓▓▓
▓▓▓▓▓▓▓


You could see a deep elf knight (fast), 2 deep elf pyromancers and 2 fire
elementals.

Vanquished Creatures
  A necrophage (D)
  An adder zombie (D)
2 creatures vanquished.

Notes
Turn   | Place    | Note
-------+----------+-------------------------------------------
     0 | D        | BigDaddyOpFi the Hill Orc Fighter began the quest for the
                  | Orb.
     0 | D        | Reached XP level 1. HP: 19/19 MP: 1/1
     4 | D        | Found a shimmering blue altar of Sif Muna.
     4 | D        | Found a bloodstained altar of Trog.
     4 | D        | Found a sacrificial altar of Ru.
     4 | D        | Found a stormy altar of Qazlal.
     4 | D        | Found an iron altar of Okawaru.
     8 | D        | Found a sparkling altar of Nemelex Xobeh.
     8 | D        | Found the +6 Majin-Bo {vamp, MP+6 Int+6}
     8 | D        | Found the +27 heavy crossbow "Sniper" {heavy, Acc+∞ SInv}
     8 | D        | Found the +10 dark maul {heavy}
     8 | D        | Found the +15 Maxwell's patent armour {-Cast -Tele rElec
                  | Will+ rCorr}
     8 | D        | Found the +18 shield of the Gong {rElec rN+ Will+ EV-5}
     8 | D        | Found the +16 obsidian axe {drain, Mesm Drain Fly SInv}
     8 | D        | Found the +7 great mace "Firestarter" {flame, inner flame,
                  | rF++}
     8 | D        | Found the +6 shillelagh "Devastator" {shatter}
     8 | D        | Found the +11 plutonium sword {Contam Stlth-}
     8 | D        | Found the +8 lance "Wyrmbane" {slay drac, rPois rF+ rC+
                  | AC+3}
     8 | D        | Found the +9 sword of Zonguldrok {reap}
     8 | D        | Found the +13 scythe of Curses {drain, Drain}
     8 | D        | Found the +9 sword of Power
     8 | D        | Found the +7 mace of Variability {chaos, chain chaos}
     8 | D        | Found the +11 Singing Sword {sonic wave}
     8 | D        | Found the +8 storm bow {elec, penet}
     9 | D        | Found an ancient bone altar of Kikubaaqudgha.
     9 | D        | Found a transporter.
     9 | D        | Found a corrupted altar of Lugonu.
     9 | D        | Found a viscous altar of Jiyva.
     9 | D        | Found a burning altar of Makhleb.
     9 | D        | Found a hazy altar of Hepliaklqana.
     9 | D        | Found an opulent altar of Gozag.
    10 | D        | Found a blossoming altar of Fedhas.
    98 | D        | Became a worshipper of Qazlal Stormbringer
   101 | D        | Reached skill level 5 in Armour
   101 | D        | Reached skill level 5 in Shields
   101 | D        | Reached XP level 2. HP: 30/30 MP: 2/2
   113 | D        | Entered arena 2.
   113 | D        | Noticed a necrophage
   113 | D        | Found a transporter.
   114 | D        | Killed a necrophage
   115 | D        | Reached skill level 1 in Ranged Weapons
   115 | D        | Reached XP level 3. HP: 38/38 MP: 2/5
   115 | D        | Reached XP level 4. HP: 45/45 MP: 2/6
   155 | D        | Entered arena 3.
   155 | D        | Noticed a deep elf knight
   155 | D        | Noticed a deep elf pyromancer
   155 | D        | Noticed a deep elf pyromancer
   155 | D        | Found a transporter.
   156 | D        | Noticed a fire elemental
   156 | D        | Noticed a fire elemental
   156 | D        | HP: 2/45 [deep elf knight/arrow (3)]
   156 | D        | Killed from afar by a deep elf pyromancer

Illustrated notes

Levels and vault maps discovered:
D:        sprint_v [room_start, room_1, room_2, room_3, room_4, room_5, room_6,
          room_7, room_8, room_9, room_10, room_11, room_12, room_13, room_14,
          room_15, room_16, room_17, room_18, room_19, room_20, room_21,
          room_22, room_23, room_24, room_25, room_26, room_27]

Skill      XL: |  1  2  3  4 |
---------------+-------------+-----
Fighting       | 6 |  6.9
Armour         | 5 6 |  6.3
Shields        | 5 6 |  6.3
Polearms       | 2 |  2.2
Ranged Weapons | 1 2 |  2.0
Invocations    | 2 |  2.8
Axes           | |  2.6

Action                   |  1- 3 |  4- 6 || total
-------------------------+-------+-------++-------
 Fire: Heavy crossbow    |     1 |     2 ||     3
  Use: Potion            |     1 |       ||     1
Armor: Plate armour      |     4 |       ||     4

Table legend: (Time is in decaauts)
 A = Elapsed time spent in this place.
 B = Non-inter-level travel time spent in this place.
 C = Inter-level travel time spent in this place.
 D = Time resting spent in this place.
 E = Time spent auto-exploring this place.
 F = Levels seen in this place.
 G = Mean time per level.
                   A        B        C        D        E       F      G
               +--------+--------+--------+--------+--------+-----+--------+
         Total |    161 |    161 |      0 |     34 |      0 |   1 |  161.0 |
       Dungeon |    161 |    161 |      0 |     34 |      0 |   1 |  161.0 |
               +--------+--------+--------+--------+--------+-----+--------+

Top non-repeatable levels by time:
       D: 161 daAuts
